 Dungeon Crawl Stone Soup version 0.30.1-3-gfc49f6343a (webtiles) character file.

Game seed: 8381335408632532871

141 shmup the Firebug (level 5, -1/28 HPs)
             Began as a Tengu Fire Elementalist on July 19, 2023.
             Slain by an iguana (8 damage)
             ... on level 3 of the Dungeon.
             The game lasted 00:09:50 (2848 turns).

shmup the Firebug (Tengu Fire Elementalist)         Turns: 2848, Time: 00:09:51

Health: -1/28      AC:  2    Str:  8    XL:     5   Next: 24%
Magic:  3/9        EV: 15    Int: 17    God:
Gold:   219        SH:  0    Dex: 15    Spells: 5/8 levels left

rFire   . . .        c - +0 dagger
rCold   . . .        (no shield)
rNeg    . . .        a - +0 robe
rPois   .            (helmet restricted)
rElec   .            (no cloak)
rCorr   .            (no gloves)
SInv    .            (boots unavailable)
Will    .....        (no amulet)
Stlth   ++           (no ring)
HPRegen 0.24/turn    (no ring)
MPRegen 0.11/turn

%: no passive effects
@: flying quickly and evasively, quick
A: beak, talons 3, nimble flight
a: no special abilities


You were on level 3 of the Dungeon.
You visited 1 branch of the dungeon, and saw 4 of its levels.

You collected 219 gold pieces.

Inventory:

Hand Weapons
 c - a +0 dagger (weapon)
 e - a +0 spear
Missiles
 h - 28 stones (quivered)
 s - 2 poisoned darts
Armour
 a - a +0 robe (worn)
Jewellery
 t - a +6 ring of intelligence
Scrolls
 d - 2 scrolls of identify {unknown}
 g - a scroll of torment {unknown}
 j - a scroll of brand weapon {unknown}
 m - a scroll of magic mapping {unknown}
 n - 3 scrolls of fear {unknown}
 p - a scroll of teleportation {unknown}
 q - 3 scrolls of enchant armour {unknown}
Potions
 b - a potion of magic
 f - a potion of flight {unknown}
 i - 3 potions of brilliance {unknown}
 k - a potion of ambrosia {unknown}
 l - 3 potions of curing {unknown}
 o - 2 potions of lignification {unknown}
 r - a potion of attraction {unknown}


   Skills:
 - Level 2.2 Dodging
 - Level 2.0 Stealth
 - Level 2.0 Spellcasting
 + Level 3.8 Conjurations
 * Level 5.5 Fire Magic


You had 5 spell levels left.
You knew the following spells:

 Your Spells              Type           Power      Damage    Failure   Level
a - Foxfire               Conj/Fire      68%        2x1d7     3%          1
b - Scorch                Fire           40%        2d6       3%          2

Your spell library contained the following spells:

 Spells                   Type           Power      Damage    Failure   Level
 Inner Flame              Hex/Fire       11%        N/A       19%         3
 Volatile Blastmotes      Fire/Tloc      22%        2d11      19%         3
 Flame Wave               Conj/Fire      17%        2d7       28%         4
 Sticky Flame             Conj/Fire      17%        2d4       28%         4


Dungeon Overview and Level Annotations

Branches:
Dungeon (4/15)
 Temple: D:4-7

Altars:


Innate Abilities, Weirdness & Mutations

You have a beak for a mouth.
You have claws for feet.
Your magical nature lets you fly swiftly and evasively.


Message History

You closely miss the frilled lizard.
The iguana hisses angrily.
Your kick misses the frilled lizard. The frilled lizard misses you.
You barely miss the frilled lizard. Your kick misses the frilled lizard.
You peck the frilled lizard, but do no damage.
A frilled lizard comes into view.
The frilled lizard misses you.
There is a stone staircase leading up here.
You fly upwards.
There is a stone staircase leading down here.
You start resting.
Magic restored.
Done exploring.
You fly downwards.
There is a stone staircase leading up here.
Casting: Scorch (safe; 3% risk of failure)
Confirm with . or Enter, or press ? or * to list all spells.
Flames lash the iguana.
The iguana is lightly wounded.
The iguana's fire resistance burns away.
The frilled lizard hisses angrily.
You hear an angry hiss. x2
The iguana bites you!
A frilled lizard comes into view.
The iguana closely misses you. The frilled lizard misses you.
You fly upwards.
There is a stone staircase leading down here.
Unknown command.
Casting: Scorch (safe; 3% risk of failure)
Confirm with . or Enter, or press ? or * to list all spells.
Flames lash the frilled lizard.
You kill the frilled lizard!
The iguana bites you!
* * * LOW HITPOINT WARNING * * *
Unknown command.
Casting: Scorch (safe; 3% risk of failure)
Confirm with . or Enter, or press ? or * to list all spells.
Flames lash the iguana.
The iguana is burned terribly!
The iguana is severely wounded.
The iguana bites you!
You die...

▒.▒ ▒.▒
▒▒▒▒▒▒▒▒▒▒▒..▒
▒▒▒▒.▒ ▒.▒ ▒..▒
.....▒ ▒.▒ ▒..▒
▒▒▒▒▒▒ ▒▒.▒▒▒▒▒▒
▒..▒ ▒ ▒.....).▒
▒... ▒ ▒.▒▒▒▒▒.▒
▒▒.▒ ▒ ▒.P..▒▒.▒
▒.. ▒
▒▒▒▒....▒▒.▒▒ ▒▒▒
▒ ▒...8....Ql.▒ ▒
▒.▒.....▒▒%.▒
▒▒▒▒▒▒▒ ▒
▒.▒▒▒▒▒▒▒▒..▒
▒.....▒ ▒ ▒.▒
▒..▒▒▒▒▒▒▒▒.....▒
▒ ▒.▒
▒...............▒
▒▒▒▒▒▒▒▒.▒
▒▒▒▒▒▒▒.▒▒▒.....8
.........▒ ▒.▒
▒......
▒▒▒▒▒▒▒▒▒▒ ▒.▒
▒▒▒▒P.. ▒.▒ ▒.P.


You could see an iguana (combustible).

Vanquished Creatures
  A scorpion zombie (D:3)
  A gnoll (D:1)
  3 adders
  An adder skeleton (D:3)
  A worm (D:2)
  3 dart slugs (D:2)
  8 orcs
  5 bats
  5 endoplasms
  A giant cockroach (D:3)
  5 goblins
  5 hobgoblins
  2 jackals (D:1)
  3 quokkas
  4 ball pythons (D:1)
  3 frilled lizards
  4 kobolds
  A quokka skeleton (D:3)
  3 rats
59 creatures vanquished.

Vanquished Creatures (others)
  98 foxfires
98 creatures vanquished.

Grand Total: 157 creatures vanquished

Notes
Turn   | Place    | Note
-------+----------+-------------------------------------------
     0 | D:1      | shmup the Tengu Fire Elementalist began the quest for the
                  | Orb.
     0 | D:1      | Reached XP level 1. HP: 10/10 MP: 4/4
   152 | D:1      | Reached XP level 2. HP: 15/15 MP: 1/6
   266 | D:1      | Reached skill level 4 in Fire Magic
   309 | D:1      | Learned a level 2 spell: Scorch
   395 | D:1      | Reached XP level 3. HP: 19/19 MP: 2/7
  1335 | D:2      | Reached XP level 4. HP: 24/24 MP: 5/8
  1830 | D:3      | Identified the +0 helmet of Taqeusawk {rElec rN+++ MP+9
                  | Int-5}
  2007 | D:3      | Reached skill level 5 in Fire Magic
  2212 | D:3      | Gained mutation: Your magical nature lets you fly swiftly
                  | and evasively. [Tengu growth]
  2212 | D:3      | Reached XP level 5. HP: 19/28 MP: 0/9
  2848 | D:3      | Slain by an iguana

Illustrated notes

Levels and vault maps discovered:
D:1:      lightli_arrival_boilingwater, layout_rooms, minmay_close_crescents
D:2:      layout_loops_cross, minmay_misc_feat_room
D:3:      layout_loops_ring, serial_undead, serial_undead_c, serial_undead_e,
          serial_undead_e, serial_undead_c, serial_undead_e, serial_undead_b,
          serial_undead_e
D:4:      layout_loops_ring, fiery_altar_vehumet,
          minmay_temple_entry_antechambers, minmay_lizard_king

Skill      XL: |  1  2  3  4 |
---------------+-------------+-----
Conjurations   | 2 3 |  3.8
Fire Magic     | 4 5 |  5.5
Dodging        | |  2.2
Stealth        | |  2.0
Spellcasting   | |  2.0

Action                     |  1- 3 |  4- 6 || total
---------------------------+-------+-------++-------
  Melee: Dagger            |    11 |    10 ||    21
         Peck              |     1 |     3 ||     4
         Kick              |     1 |     2 ||     3
   Cast: Foxfire           |    46 |    13 ||    59
         Scorch            |    10 |    29 ||    39
 Armour: Robe              |     8 |     4 ||    12
  Dodge: Dodged            |    27 |    18 ||    45
